 Dungeon Crawl Stone Soup version 0.31-a0-408-gb642c7f9a3 (webtiles) character file.

Game seed: 18091296065797239838

29 floatRand the Ruffian (level 3, 0/28 HPs)
             Began as a Draconian Shapeshifter on July 29, 2023.
             Slain by Jessica
             ... wielding a +0 club
              (4 damage)
             ... on level 2 of the Dungeon.
             The game lasted 00:00:41 (1110 turns).

floatRand the Ruffian (Draconian Shapeshifter)      Turns: 1110, Time: 00:00:41

Health: 0/28       AC:  5    Str: 17    XL:     3   Next: 1%
Magic:  3/3        EV: 12    Int:  8    God:
Gold:   78         SH:  0    Dex: 13    Spells: 2/2 levels left

rFire   . .          .
                       - Unarmed
rCold   . . .        (no shield)
rNeg    . . .        (body armour unavailable)
rPois   .            (helmet currently unavailable)
rElec   .            (cloak currently unavailable)
rCorr   .            (gloves currently unavailable)
SInv    .            (boots currently unavailable)
Will    .....        (no amulet)
Stlth   +            (no ring)
HPRegen 0.24/turn    (no ring)
MPRegen 0.08/turn

%: no passive effects
@: beast-form
A: beast (slay +2), AC +5, unfitting armour, cold-blooded
a: Begin Untransformation


You were on level 2 of the Dungeon.
You were a hulking beast.
You visited 1 branch of the dungeon, and saw 2 of its levels.

You collected 78 gold pieces.

Inventory:

Armour
 d - a scarf of shadows
Talismans
 b - a beast talisman
Scrolls
 e - 4 scrolls of teleportation {unknown}
 f - a scroll of enchant armour {unknown}
Potions
 a - 3 potions of lignification
 c - a potion of curing {unknown}
 g - 2 potions of attraction {unknown}


   Skills:
 - Level 1.1 Fighting
 - Level 1.7 Dodging
 * Level 3.8 Unarmed Combat
 + Level 3.3 Shapeshifting


You had 2 spell levels left.
You didn't know any spells.
Your spell library was empty.

Dungeon Overview and Level Annotations

Branches:
Dungeon (2/15)

Altars:

Annotations:
D:2 Jessica


Innate Abilities, Weirdness & Mutations

You are a hulking beast.
Your limbs bulge with bestial killing power. (Slay +2)
Your plain brown scales are hard. (AC +5)
You cannot fit into any form of body armour.
You are cold-blooded and may be slowed by cold attacks.


Message History

You hit the goblin.
You kill the goblin!
You have reached level 3!
Your experience leads to an increase in your attributes!
Increase (S)trength, (I)ntelligence, or (D)exterity?
You feel agile. x2; Your scales feel tougher.
Things that are here:
a +0 sling; a +0 dagger Jessica the Apprentice Sorceress comes into view.
She is wielding a +0 club.
Found 7 gold pieces.
Jessica is nearby!
Jessica is nearby!
Jessica is nearby!
Jessica points at you and mumbles some strange words.
Pain shoots through your body!
Jessica shouts, "I don't like beings like you!"
Jessica casts a spell at you. Pain shoots through your body!
Jessica points at you and mumbles some strange words.
You resist with some effort.
You are too injured to fight recklessly!
You are too injured to fight recklessly!
You are too injured to fight recklessly!
Unknown command.
You are too injured to fight recklessly!
You hit Jessica.
Jessica is heavily wounded.
Jessica gestures at you while chanting. Pain shoots through your body!
* * * LOW HITPOINT WARNING * * *
You are too injured to fight recklessly!
You hit Jessica.
Jessica is severely wounded.
Jessica hits you but does no damage.
Unknown command.
Unknown command.
You hit Jessica but do no damage. You punch Jessica.
Jessica is almost dead.
Jessica hits you with a +0 club.
You die...

###### #.$..
##...## #8..@8#
#.h.# #...#
##...## #8...8#
# ####...####
#8###8##...##8##
................
.........8......
................


You could see Jessica.

Vanquished Creatures
  3 bats (D:1)
  4 endoplasms (D:1)
  2 giant cockroaches
  4 goblins
  2 hobgoblins (D:1)
  2 jackals (D:2)
  3 kobolds
  A ball python (D:1)
  A frilled lizard (D:1)
  2 rats (D:1)
24 creatures vanquished.

Notes
Turn   | Place    | Note
-------+----------+-------------------------------------------
     0 | D:1      | floatRand the Draconian Shapeshifter began the quest for
                  | the Orb.
     0 | D:1      | Reached XP level 1. HP: 16/16 MP: 1/1
   389 | D:1      | Reached XP level 2. HP: 23/23 MP: 2/2
  1093 | D:2      | Reached XP level 3. HP: 28/28 MP: 3/3
  1103 | D:2      | Noticed Jessica
  1110 | D:2      | Slain by Jessica

Illustrated notes

Levels and vault maps discovered:
D:1:      roderic_octagonal_star, layout_loops_ring, minmay_misc_feat_chi,
          chequers_serial_rivers_room_b, minivault_4,
          chequers_serial_rivers_micro_d, kennysheep_small_spiral
D:2:      layout_basic, serial_corexii_hall, corexii_hall_statues_x,
          corexii_hall_statues_i, corexii_hall_statues_u, serial_shops,
          nicolae_shop_dealshenge, amethyst_killhole, uniq_jessica, uniq_sigmund

Action                     || total
---------------------------++-------
  Melee: Unarmed           ||    46
         Tailslap          ||     3
         Punch             ||     1
 Armour: Skin              ||    11
  Dodge: Dodged            ||    46

Table legend: (Time is in decaauts)
 A = Elapsed time spent in this place.
 B = Non-inter-level travel time spent in this place.
 C = Inter-level travel time spent in this place.
 D = Time resting spent in this place.
 E = Time spent auto-exploring this place.
 F = Levels seen in this place.
 G = Mean time per level.
                   A        B        C        D        E       F      G
               +--------+--------+--------+--------+--------+-----+--------+
         Total |   1114 |   1094 |     20 |      3 |    888 |   2 |  557.0 |
       Dungeon |   1114 |   1094 |     20 |      3 |    888 |   2 |  557.0 |
               +--------+--------+--------+--------+--------+-----+--------+

Top non-repeatable levels by time:
     D:1: 977 daAuts
     D:2: 136 daAuts
